 Dungeon Crawl Stone Soup version 0.28.0-45-g0d030f2227 (webtiles) character file.

Game seed: 14774953510408906598

9 Ablot the Cutter (level 2, -6/29 HPs)
             Began as a Gnoll Chaos Knight on Apr 13, 2022.
             Was a Plaything of Xom.
             Mangled by a queen bee (shapeshifter) (13 damage)
             ... on level 1 of the Dungeon.
             The game lasted 00:00:30 (325 turns).

Ablot the Cutter (Gnoll Chaos Knight)                Turns: 325, Time: 00:00:31

Health: -6/29      AC:  5    Str: 11    XL:     2   Next: 12%
Magic:  2/2        EV: 11    Int: 11    God:    Xom [*.....]
Gold:   24         SH:  0    Dex: 11    Spells: 1/1 levels left

rFire   . . .      SeeInvis .   a - +0 short sword (chaos)
rCold   . . .      Faith    .   (no shield)
rNeg    . . .      Spirit   .   b - +2 leather armour
rPois   .          Reflect  .   (no helmet)
rElec   .          Harm     .   (no cloak)
rCorr   .          Rampage  .   (no gloves)
Will    .....                   (no boots)
Stlth   +.........              (no amulet)
HPRegen 0.09/turn               (no ring)
MPRegen 0.08/turn               (no ring)

@: no status effects
A: fangs 1, strong nose, distributed training
a: Renounce Religion


You were on level 1 of the Dungeon.
You worshipped Xom.
You were a special plaything of Xom.
You visited 1 branch of the dungeon, and saw 1 of its levels.

You collected 24 gold pieces.

Inventory:

Hand Weapons
 a - a +0 short sword of chaos (weapon)
Missiles
 f - 16 bolts
 i - 17 sling bullets
Armour
 b - a +2 leather armour (worn)
Scrolls
 e - a scroll of identify {unknown}
Potions
 c - a potion of haste {unknown}
 d - a potion of lignification {unknown}
 g - a potion of resistance {unknown}
 h - a potion of mutation {unknown}


   Skills:
 + Level 6.4 Fighting
 + Level 6.4 Short Blades
 + Level 0.3 Long Blades
 + Level 0.3 Axes
 + Level 0.3 Maces & Flails
 + Level 0.3 Polearms
 + Level 0.3 Staves
 + Level 0.3 Slings
 + Level 0.3 Bows
 + Level 0.3 Crossbows
 + Level 0.3 Throwing
 + Level 4.4 Armour
 + Level 2.4 Dodging
 + Level 0.3 Stealth
 + Level 0.3 Shields
 + Level 0.3 Unarmed Combat
 + Level 0.3 Spellcasting
 + Level 0.2 Conjurations
 + Level 0.2 Hexes
 + Level 0.2 Summonings
 + Level 0.2 Necromancy
 + Level 0.2 Translocations
 + Level 0.2 Transmutations
 + Level 0.2 Fire Magic
 + Level 0.2 Ice Magic
 + Level 0.2 Air Magic
 + Level 0.2 Earth Magic
 + Level 0.2 Poison Magic
 + Level 0.4 Invocations
 + Level 0.3 Evocations


You had one spell level left.
You didn't know any spells.
Your spell library was empty.

Dungeon Overview and Level Annotations

Branches:
Dungeon (1/15)

Altars:


Innate Abilities, Weirdness & Mutations

You have very sharp teeth.
Your uncanny sense of smell can sniff out nearby items.
Your experience applies equally to all skills.


Message History

The adder barely misses you.
You hit the adder.
The adder changes into a shapeshifter!
Xom is highly amused!
The shapeshifter is heavily wounded.
The shapeshifter changes into a queen bee!
You hit the queen bee but do no damage.
The queen bee is heavily wounded.
You hit the queen bee but do no damage.
You bite the queen bee, but do no damage.
The queen bee is heavily wounded.
The queen bee stings you!
Ouch! That really hurt!
You are too injured to fight recklessly!
You are too injured to fight recklessly!
You are too injured to fight recklessly!
You are too injured to fight recklessly!
You are too injured to fight recklessly!
You are too injured to fight recklessly!
You are too injured to fight recklessly!
You are too injured to fight recklessly!
You are too injured to fight recklessly!
You are too injured to fight recklessly!
You hit the queen bee but do no damage. You drain the queen bee.
The queen bee is heavily wounded.
The queen bee closely misses you.
You closely miss the queen bee.
You bite the queen bee, but do no damage.
The queen bee is heavily wounded.
The queen bee stings you but does no damage.
You barely miss the queen bee.
The queen bee is heavily wounded.
You barely miss the queen bee.
The queen bee is heavily wounded.
The queen bee stings you.
* * * LOW HITPOINT WARNING * * *
You barely miss the queen bee.
The queen bee is heavily wounded.
The queen bee stings you!
You die...
Xom howls with laughter!

##### #...#.....
....# #.###..#.##
. ###.# #......#..
. #.# #..#.###.#
.# #.# #...#.....#
.# #.#
#.###.#.#.##.###
#.#
#.....#.#(.....#
#.#
######...#.....###
#.#
#........@.......
###.#
#.###...#.y...##.
....# #
##.##.....# #####
#. #.####.### #.#
##.# .#
######..##.#.###.)
...........##.. >#
..........<.#.# .#
#...#######...##


You could see a queen bee shaped shifter (drained).

Vanquished Creatures
  An endoplasm (D:1)
  2 giant cockroaches (D:1)
  3 frilled lizards (D:1)
  A kobold (D:1)
  3 rats (D:1)
10 creatures vanquished.

Notes
Turn   | Place    | Note
-------+----------+-------------------------------------------
     0 | D:1      | Ablot the Gnoll Chaos Knight began the quest for the Orb.
     0 | D:1      | Reached XP level 1. HP: 23/23 MP: 1/1
   169 | D:1      | XOM: silly message
   212 | D:1      | Reached XP level 2. HP: 27/29 MP: 2/2
   305 | D:1      | XOM: polymorph endoplasm -> adder
   318 | D:1      | Noticed a shapeshifter
   318 | D:1      | an adder changed into a shapeshifter
   318 | D:1      | Noticed a queen bee
   318 | D:1      | a shapeshifter changed into a queen bee
   325 | D:1      | Mangled by a queen bee (shapeshifter)

Illustrated notes

Levels and vault maps discovered:
D:1:      minmay_arrival_stone_box, layout_loops_ring,
          dreamdust_ecumenical_altar_angels_and_demons, serial_shops,
          nicolae_shop_window_shopping, hangedman_decor_points

Action                   || total
-------------------------++-------
Melee: Short sword       ||    39
       Bite              ||     3
       Punch             ||     1
Armor: Leather armour    ||    10
Dodge: Dodged            ||    13
